[Event "HUN-ch U8-U18 2019"]
[Site "Balatonlelle"]
[Date "2019.06.24"]
[Round "5.19"]
[White "Megyaszai, Balazs"]
[Black "Tran, David"]
[Result "0-1"]
[ECO "C44"]
[WhiteElo "1905"]
[BlackElo "2078"]
[Annotator "NA"]
[PlyCount "120"]
[EventDate "2019.06.21"]
[EventType "swiss"]
[EventCountry "HUN"]
[SourceTitle "playchess.com"]
[Source "ChessBase"]
[SourceQuality "1"]
[TimeControl "40/5400+30:1800+30"]

1. e4 e5 2. Nf3 Nc6 3. d4 exd4 4. Bc4 Bc5 5. Ng5 Nh6 6. Nxf7 Nxf7 7. Bxf7+ Kxf7 8. Qh5+ g6 9. Qxc5 d6 10. Qb5 a6 11. Qe2 Qf6 12. O-O Re8 13. Nd2 Kg8 14. f4 Bd7 15. Qf3 Rf8 16. Nb3 a5 17. Bd2 a4 18. Nc1 Rae8 19. Nd3 Qe6 20. Rfe1 Ne5 21. Qg3 Nc4 22. Bc1 Qg4 23. b3 Qxg3 24. hxg3 axb3 25. axb3 Nb6 26. Ba3 Rf6 27. Rad1 Bg4 28. Ra1 Rfe6 29. e5 dxe5 30. Nxe5 Nd7 31. Nd3 Rxe1+ 32. Rxe1 Rxe1+ 33. Nxe1 c5 34. Nd3 b6 35. Kf2 Bd1 36. Ne1 Nf6 37. Bc1 Ne4+ 38. Kg1 Nxg3 39. Bd2 Ne4 40. Bc1 Kf7 41. Ba3 Nc3 42. g3 Nd5 43. Bc1 Nb4 44. Bd2 Nxc2 45. Nd3 Na1 46. b4 Nb3 47. Be1 Ke6 48. Ne5 Kd5 49. Nd7 Kc6 50. Ne5+ Kb5 51. bxc5 bxc5 52. g4 c4 53. f5 gxf5 54. gxf5 c3 55. f6 Bh5 56. Bg3 Nc5 57. Bf4 d3 58. f7 Bxf7 59. Nxf7 d2 60. Nd6+ Kc6 0-1

[Event "HUN-ch U8-U18 2019"]
[Site "Balatonlelle"]
[Date "2019.06.24"]
[Round "5.20"]
[White "Pesti, Mate"]
[Black "Vodila, Martin Botond"]
[Result "0-1"]
[ECO "C02"]
[WhiteElo "1925"]
[BlackElo "2243"]
[Annotator "NA"]
[PlyCount "160"]
[EventDate "2019.06.21"]
[EventType "swiss"]
[EventCountry "HUN"]
[SourceTitle "playchess.com"]
[Source "ChessBase"]
[SourceQuality "1"]
[TimeControl "40/5400+30:1800+30"]

1. e4 e6 2. d4 d5 3. e5 c5 4. c3 Nc6 5. Nf3 Qb6 6. Bd3 Bd7 7. dxc5 Bxc5 8. Qe2 a5 9. a4 Nge7 10. Bf4 d4 11. O-O Nd5 12. Bg3 Rc8 13. Qd2 h6 14. Na3 dxc3 15. bxc3 Bxa3 16. Rxa3 Qc5 17. Qb2 Nd8 18. Rc1 Nb6 19. Qb3 Bc6 20. Nd2 O-O 21. Raa1 Rc7 22. Rcb1 Nd7 23. Re1 Qd5 24. Qxd5 Bxd5 25. c4 Bc6 26. Nb3 b6 27. Bf1 Nb7 28. Nd4 Ndc5 29. Nxc6 Rxc6 30. Bf4 Rd8 31. Ra3 Na6 32. g3 Nbc5 33. Bg2 Rc7 34. Be3 Nb4 35. Re2 Rd1+ 36. Bf1 Rcd7 37. Kg2 R7d3 38. Rea2 Nxa2 39. Bxd3 Rxd3 40. Bxc5 Rxa3 41. Bxa3 Nc3 42. c5 bxc5 43. Bxc5 Nxa4 44. Bd4 Kf8 45. Kf3 Ke8 46. Ke3 Kd7 47. g4 Kc6 48. f4 Kd5 49. h4 Nc5 50. h5 a4 51. Bb2 Nd7 52. Kd3 Nb6 53. Bc1 Nd7 54. Bb2 Nc5+ 55. Ke3 Kc4 56. f5 Kb3 57. Bd4 Nd7 58. Kf4 a3 59. g5 hxg5+ 60. Kxg5 Nf8 61. f6 Nh7+ 62. Kf4 gxf6 63. exf6 a2 64. h6 Kc2 65. Ke5 Kb1 66. Kd6 a1=Q 67. Bxa1 Kxa1 68. Ke7 Ng5 69. Kf8 e5 70. Kg7 e4 71. h7 Nxh7 72. Kxh7 e3 73. Kg7 e2 74. Kxf7 e1=Q 75. Kf8 Qb4+ 76. Kg8 Qg4+ 77. Kf8 Qc8+ 78. Kg7 Qc3 79. Kf7 Kb2 80. Ke7 Qe5+ 0-1

[Event "HUN-ch U8-U18 2019"]
[Site "Balatonlelle"]
[Date "2019.06.24"]
[Round "5.20"]
[White "Magold, Filip"]
[Black "Szikszai, Bertalan"]
[Result "1-0"]
[ECO "B40"]
[WhiteElo "1906"]
[BlackElo "1896"]
[Annotator "NA"]
[PlyCount "74"]
[EventDate "2019.06.21"]
[EventType "swiss"]
[EventCountry "HUN"]
[SourceTitle "playchess.com"]
[Source "ChessBase"]
[SourceQuality "1"]
[TimeControl "40/5400+30:1800+30"]

1. e4 c5 2. Nf3 e6 3. d4 cxd4 4. Nxd4 Bc5 5. Nb3 Bb6 6. Nc3 Ne7 7. Bc4 Nbc6 8. O-O O-O 9. Bg5 f5 10. exf5 Rxf5 11. Qg4 Rf7 12. Bd3 Qf8 13. Be3 d5 14. Qh4 Nf5 15. Bxf5 Rxf5 16. Rad1 d4 17. Nxd4 Nxd4 18. Rxd4 Bxd4 19. Qxd4 b6 20. Rd1 Bb7 21. Qc4 Qf7 22. Rd6 Bd5 23. Qd3 Rf8 24. Qd2 Kh8 25. Nxd5 Rxd5 26. Rxd5 exd5 27. f3 Re8 28. Kf2 Qh5 29. Bf4 Qh4+ 30. Kf1 Qe7 31. Kf2 Qc5+ 32. Be3 Qc4 33. Bd4 Rc8 34. c3 Qxa2 35. Qg5 Qxb2+ 36. Kg3 Rg8 37. Kh3 Qb4 1-0

[Event "HUN-ch U8-U18 2019"]
[Site "Balatonlelle"]
[Date "2019.06.24"]
[Round "5.21"]
[White "Hatala, Csaba Laszlo"]
[Black "Varga, Marcell"]
[Result "1-0"]
[ECO "C54"]
[WhiteElo "1958"]
[BlackElo "2106"]
[Annotator "NA"]
[PlyCount "91"]
[EventDate "2019.06.21"]
[EventType "swiss"]
[EventCountry "HUN"]
[SourceTitle "playchess.com"]
[Source "ChessBase"]
[SourceQuality "1"]
[TimeControl "40/5400+30:1800+30"]

1. e4 e5 2. Nf3 Nc6 3. Bc4 Bc5 4. c3 Nf6 5. d3 d6 6. b4 Bb6 7. a4 a5 8. b5 Ne7 9. Qb3 O-O 10. O-O Ng6 11. Be3 Ba7 12. Nbd2 Qe7 13. Rae1 Nd7 14. Qa2 h6 15. Bb3 Nc5 16. Bxc5 Bxc5 17. d4 Bb6 18. Nc4 Bg4 19. Re3 Bxf3 20. Rxf3 exd4 21. Nxb6 cxb6 22. cxd4 Qxe4 23. Bxf7+ Kh7 24. Bxg6+ Qxg6 25. Qd5 Rxf3 26. Qxf3 Rb8 27. g3 Qe6 28. Rc1 Rc8 29. Qd3+ Kh8 30. Rxc8+ Qxc8 31. Qf3 Qd7 32. Kg2 d5 33. h4 Qe6 34. g4 Qd6 35. g5 hxg5 36. hxg5 Kg8 37. Qf5 Qd8 38. g6 Kh8 39. Qh5+ Kg8 40. Qh7+ Kf8 41. Qh8+ Ke7 42. Qxg7+ Kd6 43. Qe5+ Kd7 44. Qxd5+ Kc7 45. Qxd8+ Kxd8 46. g7 1-0

[Event "HUN-ch U8-U18 2019"]
[Site "Balatonlelle"]
[Date "2019.06.24"]
[Round "5.22"]
[White "Birovecz, Ben Jordan"]
[Black "Barasits, Balint"]
[Result "1/2-1/2"]
[ECO "D35"]
[WhiteElo "1912"]
[BlackElo "2022"]
[Annotator "NA"]
[PlyCount "81"]
[EventDate "2019.06.21"]
[EventType "swiss"]
[EventCountry "HUN"]
[SourceTitle "playchess.com"]
[Source "ChessBase"]
[SourceQuality "1"]
[TimeControl "40/5400+30:1800+30"]

1. d4 d5 2. c4 e6 3. Nc3 Nf6 4. cxd5 exd5 5. Bg5 c6 6. e3 Bf5 7. Qf3 Bg6 8. Bxf6 Qxf6 9. Qxf6 gxf6 10. Nf3 Bd6 11. Nh4 Nd7 12. f4 f5 13. Bd3 O-O-O 14. Nxf5 Bxf5 15. Bxf5 Kc7 16. Rc1 Bb4 17. Kf2 Bxc3 18. Rxc3 Nf6 19. Kf3 h5 20. g3 Rhe8 21. Rhc1 Re7 22. b4 a6 23. h3 Ne4 24. R3c2 Nd6 25. Bd3 f5 26. a4 Rde8 27. Re2 Kb6 28. a5+ Kc7 29. Rg1 Rh8 30. g4 hxg4+ 31. hxg4 Rh3+ 32. Rg3 fxg4+ 33. Kxg4 Rh1 34. Kf3 Rf1+ 35. Rf2 Re1 36. Re2 Rf1+ 37. Kg2 Rd1 38. Bg6 Rxd4 39. f5 Nxf5 40. Bxf5 Rxb4 41. Ra2 1/2-1/2

[Event "HUN-ch U8-U18 2019"]
[Site "Balatonlelle"]
[Date "2019.06.24"]
[Round "5.22"]
[White "Herczeg, Marcell"]
[Black "Zsaki, Akos"]
[Result "1-0"]
[ECO "C50"]
[WhiteElo "1783"]
[BlackElo "1432"]
[Annotator "NA"]
[PlyCount "52"]
[EventDate "2019.06.21"]
[EventType "swiss"]
[EventCountry "HUN"]
[SourceTitle "playchess.com"]
[Source "ChessBase"]
[SourceQuality "1"]
[TimeControl "40/5400+30:1800+30"]

1. e4 e5 2. Nf3 Nc6 3. Nc3 Bc5 4. Bc4 Nf6 5. d3 d6 6. Be3 Bb6 7. Qd2 Bg4 8. h3 Bxf3 9. gxf3 Qd7 10. Rg1 Rg8 11. Bb5 O-O-O 12. O-O-O Qxh3 13. Bxc6 bxc6 14. Qe2 Qe6 15. d4 exd4 16. Bxd4 Bxd4 17. Rxd4 c5 18. Ra4 Kd7 19. Rxa7 Rc8 20. Rd1 Qe5 21. Qb5+ Ke7 22. Qc6 Kd8 23. Kb1 h5 24. Nb5 Ne8 25. Rd5 Qe7 26. e5 h4 1-0

[Event "HUN-ch U8-U18 2019"]
[Site "Balatonlelle"]
[Date "2019.06.24"]
[Round "5.23"]
[White "Kovacs, Judit"]
[Black "Erseki, Tamara"]
[Result "0-1"]
[ECO "A30"]
[WhiteElo "2025"]
[BlackElo "1999"]
[Annotator "NA"]
[PlyCount "96"]
[EventDate "2019.06.21"]
[EventType "swiss"]
[EventCountry "HUN"]
[SourceTitle "playchess.com"]
[Source "ChessBase"]
[SourceQuality "1"]
[TimeControl "40/5400+30:1800+30"]

1. c4 c5 2. Nf3 Nc6 3. Nc3 e5 4. e3 f5 5. d4 e4 6. d5 exf3 7. dxc6 dxc6 8. Qxd8+ Kxd8 9. gxf3 Nf6 10. b3 g6 11. Ba3 b6 12. f4 Bg7 13. O-O-O+ Kc7 14. h3 Be6 15. Bg2 Rad8 16. Bf3 a6 17. h4 Bf7 18. Kc2 Rhe8 19. Rhg1 Bh8 20. Ne2 h5 21. Bb2 b5 22. Be5+ Kb6 23. cxb5 axb5 24. Kb2 Ng4 25. Bxh8 Rxh8 26. Bxg4 hxg4 27. Rxd8 Rxd8 28. Kc1 Rh8 29. Rh1 Bd5 30. Rh2 c4 31. Kb2 b4 32. bxc4 Bxc4 33. Nc1 c5 34. a3 Kb5 35. axb4 cxb4 36. Nb3 Bd5 37. Nd4+ Kc4 38. Ne2 Bf7 39. Rh1 Ra8 40. Nd4 Kd3 41. Nc6 Ke2 42. Ne5 Bd5 43. Rh2 Kf1 44. h5 gxh5 45. Rxh5 Ra2+ 46. Kc1 b3 47. Nd3 Be4 48. Nb2 Ke2 0-1

[Event "HUN-ch U8-U18 2019"]
[Site "Balatonlelle"]
[Date "2019.06.24"]
[Round "5.23"]
[White "Gulacsi, Donat Ferenc"]
[Black "Gergely, Daniel"]
[Result "1/2-1/2"]
[ECO "B39"]
[WhiteElo "1638"]
[BlackElo "1427"]
[Annotator "NA"]
[PlyCount "69"]
[EventDate "2019.06.21"]
[EventType "swiss"]
[EventCountry "HUN"]
[SourceTitle "playchess.com"]
[Source "ChessBase"]
[SourceQuality "1"]
[TimeControl "40/5400+30:1800+30"]

1. e4 c5 2. Ne2 Nc6 3. c4 g6 4. d4 cxd4 5. Nxd4 Nf6 6. Nc3 Bg7 7. Be3 Ng4 8. Qxg4 Nxd4 9. Qd1 e5 10. Qd2 O-O 11. Bxd4 exd4 12. Nb5 Qb6 13. Bd3 a6 14. Na3 Re8 15. O-O Re5 16. Rad1 d6 17. b3 Ra5 18. Nb1 Bg4 19. Be2 Bxe2 20. Qxe2 Re8 21. Qc2 Qc7 22. Nd2 Ra3 23. Nf3 Qa5 24. Rd2 d3 25. Qxd3 Rd8 26. Qc2 b5 27. Nd4 Bxd4 28. Rxd4 Rxa2 29. Qd3 bxc4 30. bxc4 Qc5 31. Rd5 Ra3 32. Qc2 Qc7 33. Rfd1 Ra5 34. Qd3 Rc5 35. Rd4 1/2-1/2

[Event "HUN-ch U8-U18 2019"]
[Site "Balatonlelle"]
[Date "2019.06.24"]
[Round "5.24"]
[White "Makay, Mark Janos"]
[Black "Toth, Gergely"]
[Result "1-0"]
[ECO "B42"]
[WhiteElo "1354"]
[BlackElo "1485"]
[Annotator "NA"]
[PlyCount "67"]
[EventDate "2019.06.21"]
[EventType "swiss"]
[EventCountry "HUN"]
[SourceTitle "playchess.com"]
[Source "ChessBase"]
[SourceQuality "1"]
[TimeControl "40/5400+30:1800+30"]

1. e4 c5 2. Nf3 e6 3. d4 cxd4 4. Nxd4 a6 5. Bd3 Qc7 6. c4 Nf6 7. Nc3 d6 8. Be3 Be7 9. O-O O-O 10. f3 Nbd7 11. b3 b6 12. Qd2 Bb7 13. Rac1 Rac8 14. Rfd1 Ne5 15. Bf1 Rfd8 16. Qf2 Ned7 17. g4 Ne8 18. h4 g6 19. Bh3 Ng7 20. g5 Nc5 21. b4 Nd7 22. f4 e5 23. Nd5 Bxd5 24. cxd5 Qb7 25. Nc6 Re8 26. f5 Bf8 27. f6 Nh5 28. Qg2 b5 29. Qg4 Nb8 30. Ne7+ Bxe7 31. Rxc8 Rxc8 32. Qxc8+ Qxc8 33. Bxc8 Ng3 34. fxe7 1-0

[Event "HUN-ch U8-U18 2019"]
[Site "Balatonlelle"]
[Date "2019.06.24"]
[Round "5.25"]
[White "Kossela, Peter"]
[Black "Szabo, Marton Nandor"]
[Result "0-1"]
[ECO "B40"]
[WhiteElo "1480"]
[BlackElo "1665"]
[Annotator "NA"]
[PlyCount "118"]
[EventDate "2019.06.21"]
[EventType "swiss"]
[EventCountry "HUN"]
[SourceTitle "playchess.com"]
[Source "ChessBase"]
[SourceQuality "1"]
[TimeControl "40/5400+30:1800+30"]

1. e4 c5 2. Nf3 e6 3. c4 Nc6 4. Nc3 e5 5. d3 d6 6. Be2 g6 7. O-O Bg7 8. h3 Nge7 9. Be3 O-O 10. Qd2 f5 11. Bh6 f4 12. Bxg7 Kxg7 13. a3 Be6 14. Ng5 Bg8 15. Bg4 Nd4 16. Bd1 Nec6 17. Nf3 Nxf3+ 18. Bxf3 Nd4 19. Bd1 f3 20. g3 Qd7 21. Kh2 Be6 22. h4 Bh3 23. Rg1 Bg2 24. Rxg2 fxg2 25. Kxg2 Rf7 26. Ba4 Qg4 27. Bd1 Qe6 28. Be2 Nb3 29. Qd1 Nxa1 30. Qxa1 Raf8 31. Nd1 Rf6 32. Qc1 Qf7 33. Qe3 Qc7 34. f3 Qb6 35. Qd2 Rb8 36. Ne3 Qb3 37. Bd1 Qa2 38. Qc1 b5 39. Nd5 bxc4 40. Nxf6 Qxb2+ 41. Qxb2 Rxb2+ 42. Kf1 Kxf6 43. dxc4 Ra2 44. a4 Rb2 45. f4 Rb4 46. fxe5+ Kxe5 47. h5 Rxc4 48. Bb3 Rxe4 49. hxg6 hxg6 50. Bc2 c4 51. Bxe4 Kxe4 52. Ke2 d5 53. a5 d4 54. a6 d3+ 55. Kd2 Kd4 56. g4 c3+ 57. Kd1 d2 58. g5 Ke4 59. Ke2 Kf5 0-1

[Event "HUN-ch U8-U18 2019"]
[Site "Balatonlelle"]
[Date "2019.06.24"]
[Round "5.26"]
[White "Turcsanyi, Vince Gergo"]
[Black "Marjanovic, Alex"]
[Result "1-0"]
[ECO "C76"]
[WhiteElo "1816"]
[BlackElo "1629"]
[Annotator "NA"]
[PlyCount "59"]
[EventDate "2019.06.21"]
[EventType "swiss"]
[EventCountry "HUN"]
[SourceTitle "playchess.com"]
[Source "ChessBase"]
[SourceQuality "1"]
[TimeControl "40/5400+30:1800+30"]

1. e4 e5 2. Nf3 Nc6 3. Bb5 g6 4. c3 a6 5. Ba4 d6 6. d4 Bd7 7. O-O Bg7 8. Bg5 Nf6 9. Re1 h6 10. Bd2 O-O 11. d5 Ne7 12. Bxd7 Qxd7 13. c4 Nh7 14. Qc1 g5 15. h3 f5 16. exf5 Qxf5 17. Nc3 Ng6 18. Ne4 Nf6 19. Ng3 Qd7 20. Qc2 Nf4 21. Bxf4 exf4 22. Nf5 Rae8 23. N3d4 Nh5 24. Ne6 Rf6 25. Rad1 Qf7 26. Nexg7 Rxe1+ 27. Rxe1 Nxg7 28. Re7 Rxf5 29. Rxf7 Rxf7 30. Qg6 1-0

[Event "HUN-ch U8-U18 2019"]
[Site "Balatonlelle"]
[Date "2019.06.24"]
[Round "5.27"]
[White "Foldes, Marton Gabor"]
[Black "Giang, Tran Nam"]
[Result "1-0"]
[ECO "B42"]
[WhiteElo "1653"]
[BlackElo "2008"]
[Annotator "NA"]
[PlyCount "51"]
[EventDate "2019.06.21"]
[EventType "swiss"]
[EventCountry "HUN"]
[SourceTitle "playchess.com"]
[Source "ChessBase"]
[SourceQuality "1"]
[TimeControl "40/5400+30:1800+30"]

1. e4 c5 2. Nf3 e6 3. d4 cxd4 4. Nxd4 a6 5. Bd3 Qb6 6. Nb3 Qc7 7. O-O Nf6 8. c4 d6 9. Nc3 Nbd7 10. f4 Be7 11. Qe2 O-O 12. Bd2 b6 13. Rae1 Nc5 14. Nxc5 Qxc5+ 15. Kh1 g6 16. e5 Ne8 17. Ne4 Qc7 18. Bc3 d5 19. cxd5 exd5 20. Nf6+ Nxf6 21. exf6 Bd6 22. Qf2 Rd8 23. Qh4 Bb7 24. f5 Rd7 25. fxg6 fxg6 26. Bxg6 1-0

[Event "HUN-ch U8-U18 2019"]
[Site "Balatonlelle"]
[Date "2019.06.24"]
[Round "5.28"]
[White "Lehocz, Jozsef Jr."]
[Black "Panda, Barnabas"]
[Result "0-1"]
[ECO "B21"]
[WhiteElo "1382"]
[BlackElo "1722"]
[Annotator "NA"]
[PlyCount "58"]
[EventDate "2019.06.21"]
[EventType "swiss"]
[EventCountry "HUN"]
[SourceTitle "playchess.com"]
[Source "ChessBase"]
[SourceQuality "1"]
[TimeControl "40/5400+30:1800+30"]

1. e4 c5 2. d4 cxd4 3. c3 dxc3 4. Nxc3 Nc6 5. Nf3 e6 6. Bc4 a6 7. O-O Nge7 8. Be3 Ng6 9. Qe2 Be7 10. Na4 Bd6 11. Rfd1 Bc7 12. Nc3 O-O 13. Rac1 b5 14. Bb3 Bb7 15. Nd4 Nxd4 16. Bxd4 Rc8 17. Rd3 Qg5 18. Be3 Qe7 19. Qh5 b4 20. Ne2 Bxe4 21. Rd4 Bb7 22. Rcd1 d5 23. Qg4 a5 24. h4 Bb6 25. R4d2 Bxe3 26. fxe3 Qxh4 27. Qxh4 Nxh4 28. Rd4 Nf5 29. R4d3 Ba6 0-1

[Event "HUN-ch U8-U18 2019"]
[Site "Balatonlelle"]
[Date "2019.06.24"]
[Round "5.29"]
[White "Karacsonyi, Bank"]
[Black "Csernyik, Mark"]
[Result "1-0"]
[ECO "B33"]
[WhiteElo "1529"]
[BlackElo "1704"]
[Annotator "NA"]
[PlyCount "99"]
[EventDate "2019.06.21"]
[EventType "swiss"]
[EventCountry "HUN"]
[SourceTitle "playchess.com"]
[Source "ChessBase"]
[SourceQuality "1"]
[TimeControl "40/5400+30:1800+30"]

1. e4 c5 2. Nf3 Nc6 3. d4 cxd4 4. Nxd4 Nf6 5. Nc3 e5 6. Ndb5 d6 7. Bg5 a6 8. Na3 b5 9. Nd5 Be7 10. Bxf6 gxf6 11. c3 O-O 12. Nc2 f5 13. Bd3 Be6 14. O-O Bf6 15. Nxf6+ Qxf6 16. exf5 Bd5 17. Ne3 Ne7 18. Qg4+ Kh8 19. Nxd5 Nxd5 20. Be4 Nf4 21. Bxa8 Rxa8 22. Qf3 Rg8 23. g3 Qxf5 24. Kh1 Qh3 25. Qe4 f5 26. Qf3 Rg4 27. Qa8+ Kg7 28. Qb7+ Kf6 29. Qc6 Kg7 30. Rg1 e4 31. Qd7+ Kf6 32. Qxd6+ Ne6 33. Rae1 Kf7 34. f3 Rh4 35. Qd7+ Kf6 36. gxh4 Qxf3+ 37. Rg2 Nf4 38. Qg7+ Ke6 39. Qh6+ Ke5 40. Qg7+ Ke6 41. Qg3 Nxg2 42. Qxf3 Nxe1 43. Qe3 Nd3 44. Qh6+ Ke5 45. Qg7+ Kd5 46. Qf6 Nf2+ 47. Kg2 Ng4 48. Qxf5+ Ne5 49. Kg3 Kd6 50. Qxe4 1-0

[Event "HUN-ch U8-U18 2019"]
[Site "Balatonlelle"]
[Date "2019.06.24"]
[Round "5.30"]
[White "Matyassy, Lazar"]
[Black "Kovacs, Kristof"]
[Result "1-0"]
[ECO "C44"]
[WhiteElo "1539"]
[BlackElo "1435"]
[Annotator "NA"]
[PlyCount "93"]
[EventDate "2019.06.21"]
[EventType "swiss"]
[EventCountry "HUN"]
[SourceTitle "playchess.com"]
[Source "ChessBase"]
[SourceQuality "1"]
[TimeControl "40/5400+30:1800+30"]

1. e4 e5 2. Nf3 Nc6 3. c3 d5 4. Qa4 dxe4 5. Nxe5 Qd5 6. Nxc6 Qxc6 7. Bb5 Bd7 8. Bxc6 Bxc6 9. Qc2 O-O-O 10. O-O Nf6 11. Rd1 Bc5 12. b4 Bb6 13. h3 g5 14. a4 a6 15. d3 exd3 16. Rxd3 Rxd3 17. Qxd3 Be4 18. Qe2 Re8 19. Na3 Nd5 20. Bd2 h6 21. c4 Nf6 22. c5 Ba7 23. Be3 Bb8 24. Bd4 Nd5 25. f3 Nf4 26. Qe1 Bc6 27. Qf2 Re2 28. Qf1 Bxa4 29. Re1 Ra2 30. Be3 Rxa3 31. Bxf4 Bb5 32. Qf2 gxf4 33. Qd4 Rd3 34. Qxf4 b6 35. Qf5+ Kb7 36. Qe4+ Ka7 37. Qf4 Rd7 38. Qxh6 c6 39. Qg5 Bc7 40. h4 bxc5 41. bxc5 Kb7 42. Qf6 Bd8 43. Qf5 Rc7 44. h5 Bh4 45. Re8 Bc4 46. h6 Be6 47. Qb1+ 1-0

[Event "HUN-ch U8-U18 2019"]
[Site "Balatonlelle"]
[Date "2019.06.24"]
[Round "5.31"]
[White "Havasi, Gergely Bulcsu"]
[Black "Pasti, Zsombor"]
[Result "1-0"]
[ECO "D02"]
[WhiteElo "1486"]
[BlackElo "1641"]
[Annotator "NA"]
[PlyCount "91"]
[EventDate "2019.06.21"]
[EventType "swiss"]
[EventCountry "HUN"]
[SourceTitle "playchess.com"]
[Source "ChessBase"]
[SourceQuality "1"]
[TimeControl "40/5400+30:1800+30"]

1. d4 d5 2. Bf4 Nf6 3. Nf3 c5 4. e3 Qb6 5. Qc1 Bf5 6. Bd3 Bg4 7. dxc5 Qxc5 8. Nfd2 e6 9. h3 Bh5 10. Nb3 Qc8 11. a3 Nc6 12. Nc3 e5 13. Bg5 d4 14. exd4 exd4 15. Bxf6 gxf6 16. Ne2 Qd8 17. Qd2 Bg7 18. Bb5 O-O 19. O-O f5 20. Bxc6 bxc6 21. Nexd4 c5 22. Nxf5 Bxb2 23. Ra2 Qf6 24. Ng3 Bg6 25. Nxc5 Rad8 26. Nd7 Qg7 27. Rd1 f5 28. Qe2 f4 29. Nxf8 Rxf8 30. Nh5 f3 31. Qe6+ Qf7 32. Qxf7+ Bxf7 33. Rxb2 Bxh5 34. g4 Bg6 35. c4 Rc8 36. Rc1 Bd3 37. Rc3 Be2 38. Rbc2 Rd8 39. Rc1 h5 40. c5 hxg4 41. hxg4 Rd4 42. c6 Rxg4+ 43. Kh2 Ba6 44. Rg1 Rxg1 45. Kxg1 Kf7 46. Rxf3+ 1-0

[Event "HUN-ch U8-U18 2019"]
[Site "Balatonlelle"]
[Date "2019.06.24"]
[Round "5.32"]
[White "Vadkerti, Vince"]
[Black "Varga, Boldizsar"]
[Result "1/2-1/2"]
[ECO "C44"]
[WhiteElo "1558"]
[BlackElo "1804"]
[Annotator "NA"]
[PlyCount "86"]
[EventDate "2019.06.21"]
[EventType "swiss"]
[EventCountry "HUN"]
[SourceTitle "playchess.com"]
[Source "ChessBase"]
[SourceQuality "1"]
[TimeControl "40/5400+30:1800+30"]

1. e4 e5 2. Nf3 Nc6 3. d4 exd4 4. Bc4 h6 5. Nxd4 Nf6 6. Nxc6 dxc6 7. Bxf7+ Ke7 8. Qxd8+ Kxd8 9. Nc3 Bb4 10. f3 Ke7 11. Bb3 c5 12. Bd2 a6 13. a3 Bxc3 14. Bxc3 b5 15. O-O-O c4 16. Ba2 Be6 17. b3 cxb3 18. Bxb3 Bxb3 19. cxb3 c6 20. b4 Rac8 21. Bd4 Rhg8 22. g3 Nd7 23. Bc5+ Nxc5 24. bxc5 Rgf8 25. f4 Rf6 26. e5 Re6 27. Rd6 Kf7 28. Rxe6 Kxe6 29. Rd1 g6 30. Rd6+ Kf7 31. Rd7+ Ke6 32. Rd6+ Kf7 33. g4 Rc7 34. Kd2 g5 35. f5 Kg7 36. e6 Kf6 37. Rd7 Rxd7+ 38. exd7 Ke7 39. Kc3 a5 40. Kd4 Kxd7 41. Ke5 Ke7 42. h3 Kf7 43. a4 b4 1/2-1/2

[Event "HUN-ch U8-U18 2019"]
[Site "Balatonlelle"]
[Date "2019.06.24"]
[Round "5.33"]
[White "Toth, Barnabas"]
[Black "Megyeri, Martin"]
[Result "1-0"]
[ECO "B30"]
[WhiteElo "1363"]
[BlackElo "1520"]
[Annotator "NA"]
[PlyCount "69"]
[EventDate "2019.06.21"]
[EventType "swiss"]
[EventCountry "HUN"]
[SourceTitle "playchess.com"]
[Source "ChessBase"]
[SourceQuality "1"]
[TimeControl "40/5400+30:1800+30"]

1. e4 c5 2. Nf3 Nc6 3. Bb5 Nf6 4. Bxc6 bxc6 5. Nc3 d5 6. e5 Nd7 7. O-O e6 8. d3 Be7 9. Nd2 Nxe5 10. Nb3 Ng6 11. Na4 O-O 12. Naxc5 e5 13. Be3 Bg5 14. Qd2 Bxe3 15. fxe3 Bd7 16. e4 d4 17. Qa5 Be6 18. Qxd8 Raxd8 19. Nxe6 fxe6 20. Nc5 Rde8 21. g3 Rf6 22. a4 Kf7 23. Ra3 Re7 24. Rb3 Rxf1+ 25. Kxf1 h5 26. a5 h4 27. a6 hxg3 28. hxg3 Nf8 29. Rb8 Nd7 30. Nxd7 Rxd7 31. Rc8 Ke7 32. Rxc6 Rd6 33. Rc7+ Rd7 34. Rxd7+ Kxd7 35. Kf2 1-0

[Event "HUN-ch U8-U18 2019"]
[Site "Balatonlelle"]
[Date "2019.06.24"]
[Round "5.34"]
[White "Biro, Daniel"]
[Black "Csontos, Aron"]
[Result "1/2-1/2"]
[ECO "D02"]
[WhiteElo "1343"]
[BlackElo "1376"]
[Annotator "NA"]
[PlyCount "57"]
[EventDate "2019.06.21"]
[EventType "swiss"]
[EventCountry "HUN"]
[SourceTitle "playchess.com"]
[Source "ChessBase"]
[SourceQuality "1"]
[TimeControl "40/5400+30:1800+30"]

1. Nf3 d5 2. d4 Nf6 3. g3 e6 4. Bg2 Be7 5. O-O O-O 6. c4 b6 7. Nc3 Bb7 8. cxd5 Nxd5 9. Nxd5 Bxd5 10. Re1 Nd7 11. Bf4 c5 12. e4 Bb7 13. Ne5 cxd4 14. Nxd7 Qxd7 15. Qg4 Rfd8 16. Rad1 f6 17. e5 f5 18. Qe2 Bxg2 19. Kxg2 Rac8 20. Qd2 Qc6+ 21. Kg1 Qc2 22. Rc1 Qxd2 23. Bxd2 h6 24. h4 Kh7 25. h5 Rc5 26. Rxc5 bxc5 27. Rc1 Rc8 28. b3 Kg8 29. f4 1/2-1/2

[Event "HUN-ch U8-U18 2019"]
[Site "Balatonlelle"]
[Date "2019.06.24"]
[Round "5.35"]
[White "Baki, Bence"]
[Black "Kerekes, Laszlo Fulop"]
[Result "0-1"]
[ECO "C21"]
[WhiteElo "1174"]
[BlackElo "1320"]
[Annotator "NA"]
[PlyCount "54"]
[EventDate "2019.06.21"]
[EventType "swiss"]
[EventCountry "HUN"]
[SourceTitle "playchess.com"]
[Source "ChessBase"]
[SourceQuality "1"]
[TimeControl "40/5400+30:1800+30"]

1. e4 e5 2. d4 exd4 3. c3 d5 4. Qxd4 Nf6 5. e5 Ne4 6. f3 Bc5 7. Qa4+ Bd7 8. Qc2 Nf2 9. b4 Bb6 10. a4 a6 11. a5 Ba7 12. Ba3 Nxh1 13. Ne2 Qh4+ 14. g3 Qxh2 15. Nd2 Be3 16. b5 Bxb5 17. Qb3 Nxg3 18. c4 Nxf1 19. Qb4 Bxd2+ 20. Qxd2 Nxd2 21. Kxd2 Bxc4 22. Re1 d4 23. Kd1 d3 24. Nd4 Bb3+ 25. Kc1 d2+ 26. Kb1 dxe1=Q+ 27. Bc1 Qa2# 0-1

[Event "HUN-ch U8-U18 2019"]
[Site "Balatonlelle"]
[Date "2019.06.25"]
[Round "6.1"]
[White "Gombocz, Zsofia"]
[Black "Koltai, Dora"]
[Result "1-0"]
[ECO "B01"]
[WhiteElo "2077"]
[BlackElo "1773"]
[Annotator "NA"]
[PlyCount "51"]
[EventDate "2019.06.21"]
[EventType "swiss"]
[EventCountry "HUN"]
[SourceTitle "playchess.com"]
[Source "ChessBase"]
[SourceQuality "1"]
[TimeControl "40/5400+30:1800+30"]

1. e4 d5 2. exd5 Qxd5 3. Nf3 Nf6 4. d4 Bg4 5. Be2 a6 6. c4 Qd8 7. Qb3 Qc8 8. Nc3 e6 9. h3 Bh5 10. g4 Bg6 11. Ne5 Nbd7 12. h4 Nxe5 13. dxe5 Ne4 14. h5 Nxc3 15. hxg6 Nxe2 16. gxf7+ Kxf7 17. Kxe2 Bc5 18. Bd2 Kg8 19. Rh3 b6 20. Rd1 Qb7 21. f3 Rf8 22. Qd3 Qc6 23. Rdh1 Rf7 24. Rxh7 Rxh7 25. Qxh7+ Kf8 26. Qh8+ 1-0

[Event "HUN-ch U8-U18 2019"]
[Site "Balatonlelle"]
[Date "2019.06.25"]
[Round "6.1"]
[White "Markus, Molli Amina"]
[Black "Nandin-Erdene, Davaademberel"]
[Result "1-0"]
[ECO "A10"]
[WhiteElo "1755"]
[BlackElo "1581"]
[Annotator "NA"]
[PlyCount "99"]
[EventDate "2019.06.21"]
[EventType "swiss"]
[EventCountry "HUN"]
[SourceTitle "playchess.com"]
[Source "ChessBase"]
[SourceQuality "1"]
[TimeControl "40/5400+30:1800+30"]

1. c4 f5 2. Nc3 Nf6 3. g3 g6 4. Bg2 Bg7 5. Nf3 d6 6. O-O O-O 7. d3 e5 8. Rb1 Nc6 9. b4 a6 10. a4 Ne7 11. b5 c6 12. bxc6 bxc6 13. Ba3 Qc7 14. Qb3 Kh8 15. Rfc1 Be6 16. Qb7 Qxb7 17. Rxb7 Nc8 18. Ne1 Bd7 19. Rc7 Rd8 20. Bxc6 Bxc6 21. Rxc6 Rd7 22. Rb1 e4 23. dxe4 Ng4 24. Nd5 Ne5 25. Rc7 Rxc7 26. Nxc7 Ra7 27. Nd5 Nxc4 28. Rb8 Nxa3 29. Rxc8+ Bf8 30. Rxf8+ Kg7 31. Rb8 fxe4 32. Rb4 Kf7 33. Rxe4 Rb7 34. Rb4 Ra7 35. Rb6 Ke6 36. Nf4+ Ke7 37. Ned3 Nc4 38. Rc6 Na5 39. Rc3 Rb7 40. Nd5+ Kf8 41. Rc8+ Kf7 42. Rc7+ Ke6 43. Rxb7 Nxb7 44. Nc7+ Kd7 45. Nxa6 Na5 46. Nab4 Kc7 47. Nd5+ Kc6 48. Nf6 h6 49. Ng8 h5 50. Ne7+ 1-0